 Dungeon Crawl Stone Soup version 0.30-a0-715-gdb4ae3ece1 (webtiles) character file.

Game seed: 11771275137953815136

7 drugrobin the Sneak (level 1, 0/18 HPs)
             Began as a Demigod Delver on Jan 23, 2023.
             Slain by a shadow (18 damage)
             ... on level 6 of the Dungeon.
             The game lasted 00:02:41 (404 turns).

drugrobin the Sneak (Demigod Delver)                 Turns: 404, Time: 00:02:41

Health: 0/18       AC:  5    Str: 13    XL:     1   Next: 66%
Magic:  3/3        EV: 11    Int: 12    God:
Gold:   22         SH:  0    Dex: 15    Spells: 0/0 levels left

rFire   . . .      SeeInvis .      - Unarmed
rCold   . . .      Faith    .    (no shield)
rNeg    . . .      Spirit   .    a - +0 leather armour
rPois   .          Reflect  .    (no helmet)
rElec   .          Harm     .    (no cloak)
rCorr   .          Rampage  .    (no gloves)
Will    .....                    h - +1 pair of boots
Stlth   +++                      (no amulet)
HPRegen 0.23/turn                (no ring)
MPRegen 0.08/turn                (no ring)

@: no status effects
A: high MP 1, forlorn, divine attributes
a: no special abilities


You were on level 6 of the Dungeon.
You visited 1 branch of the dungeon, and saw 3 of its levels.

You collected 22 gold pieces.

Inventory:

Hand Weapons
 b - a +0 rapier of draining
Armour
 a - a +0 leather armour (worn)
 h - a +1 pair of boots (worn)
 n - a +1 chain mail of cold resistance
Magical Staves
 k - a staff of poison
Wands
 f - a wand of digging (3)
Scrolls
 g - 3 scrolls of teleportation {unknown}
 j - a scroll of identify {unknown}
 l - a scroll of silence {unknown}
 m - a scroll of fog
Potions
 e - a potion of haste
 i - a potion of curing {unknown}


   Skills:
 - Level 2.6 Fighting
 - Level 1.7 Dodging
 - Level 4.5 Stealth
 + Level 2.4 Unarmed Combat


You couldn't memorise any spells.
You didn't know any spells.
Your spell library was empty.

Dungeon Overview and Level Annotations

Branches:
Dungeon (6/15)
 Temple: D:4-7

Annotations:
D:5 2 transporters, crux's ghost, novice OpTm


Innate Abilities, Weirdness & Mutations

You have an increased reservoir of magic. (+10% MP)
You shall have no god before yourself.
Your divine heritage dramatically boosts your attributes as you level up.


Message History

You hit the dart slug but do no damage.
The dart slug is severely wounded.
You hit the dart slug.
The dart slug is almost dead.
The dart slug launches a dart at you.
The slug dart hits you but does no damage.
You hit the dart slug.
You kill the dart slug!
You start resting.
A white imp is nearby!
Unknown command.
Unknown command.
Okay, then.
Unknown command.
Unknown command.
There is an escape hatch in the floor here.
You slide downwards.
The hatch slams shut behind you.
You hear the sound of rushing water.
There is an entrance to a sewer on this level.
Hurry and find it before the portal rusts away!
You hear the hiss of flowing sand.
There is an entrance to an ossuary on this level.
Hurry and find it before the portal is buried!
Unknown command.
Unknown command.
Unknown command.
As you read the scroll of magic mapping, it crumbles to dust.
You feel aware of your surroundings.
You sensed 3 shops/portals.
Unknown command.
Unknown command.
HP restored.
You hear the slow rusting of a very distant drain.
You hear the slow hiss of a very distant avalanche of sand.
A shadow comes into view.
Unknown command.
Unknown command.
The shadow slips into darkness.
The shadow flickers and vanishes!
Deactivating autopickup; reactivate with Ctrl-A.
The shadow strikes at you from the darkness!
Ouch! That really hurt!
You die...

,,,,*,**,**,,,,***
,,,,*+**,**,,,,**###
,,,,,,,*,**,,,,,,..#
,,,,,,,*,****,***#.#
,,,,,,,*,*,,,,* #.#
,,,,,,,*,,,**** #.#
,*+**+**,,** ###.#######
**,**,**,,* #.........#
**,,,<,,,,* #@#.#####.*
**>,***,** #.#.# *.#
*,** *,* #.#.# *.# *,*
*<* #.#.# *.# *,* ***
#.#.# *.# *,* #.#.# *.#
*,* ###.#.# *.# *,*
#...#.#####.#
*,*********###.#.......#


There were no monsters in sight!

Vanquished Creatures
  2 dart slugs (D:5)
  A quokka (D:5)
3 creatures vanquished.

Notes
Turn   | Place    | Note
-------+----------+-------------------------------------------
     0 | D:5      | drugrobin the Demigod Delver began the quest for the Orb.
     0 | D:5      | Reached XP level 1. HP: 18/18 MP: 3/3
   111 | D:4      | Noticed an iguana
   234 | D:5      | Found a transporter.
   242 | D:5      | Noticed a hound
   244 | D:5      | Noticed a phantom
   245 | D:5      | Noticed crux's ghost (novice OpTm)
   250 | D:5      | Found a transporter.
   389 | D:6      | Noticed a shadow
   404 | D:6      | Slain by a shadow

Illustrated notes

Levels and vault maps discovered:
D:4:      layout_rooms, zin_academy, minmay_temple_entry_trees,
          minmay_shop_grid_forest, st_stairs_8
D:5:      layout_basic, mainiacjoe_overflow_swirl, evilmike_ruin_ashenzari,
          gammafunk_ghost_arena, st_stairs_7
D:6:      cheibrodos_quashed, layout_basic, nicolae_ossuary_entry_ruins,
          gup_sewer_entry_bubbles

Skill      XL: |  1 |
---------------+----+-----
Unarmed Combat | 2 |  2.4
Fighting       | |  2.6
Dodging        | |  1.7
Stealth        | |  4.5

Action                     || total
---------------------------++-------
  Melee: Unarmed           ||    14
         Rapier            ||     6
    Use: Scroll            ||     2
   Stab: Sleeping          ||     1
 Armour: Leather armour    ||     6
  Dodge: Dodged            ||     6

Table legend: (Time is in decaauts)
 A = Elapsed time spent in this place.
 B = Non-inter-level travel time spent in this place.
 C = Inter-level travel time spent in this place.
 D = Time resting spent in this place.
 E = Time spent auto-exploring this place.
 F = Levels seen in this place.
 G = Mean time per level.
                   A        B        C        D        E       F      G
               +--------+--------+--------+--------+--------+-----+--------+
         Total |    403 |    371 |     32 |     10 |    149 |   3 |  134.3 |
       Dungeon |    403 |    371 |     32 |     10 |    149 |   3 |  134.3 |
               +--------+--------+--------+--------+--------+-----+--------+

Top non-repeatable levels by time:
     D:5: 336 daAuts
     D:6: 65 daAuts
     D:4: 1 daAuts
